 Dungeon Crawl Stone Soup version 0.26-a0-812-g31a745ddcd (webtiles) character file.

Game seed: 5031025291816544168

1171 kae the Insei (level 8, -5/43 HPs)
             Began as a Tengu Transmuter on Nov 18, 2020.
             Engulfed by an orc wizard's steam (12 damage)
             ... on level 4 of the Dungeon.
             The game lasted 00:05:14 (7660 turns).

kae the Insei (Tengu Transmuter)                    Turns: 7660, Time: 00:05:14

Health: -5/43      AC:  2    Str: 13    XL:     8   Next: 41%
Magic:  10/13      EV: 24    Int: 14    God:
Gold:   205        SH:  0    Dex: 19    Spells: 9/13 levels left

rFire    . . .     SeeInvis .     - Unarmed
rCold    . . .     Faith    .   (shield currently unavailable)
rNeg     . . .     Spirit   .   (armour currently unavailable)
rPois    x         Reflect  .   (helmet currently unavailable)
rElec    .         Harm     .   (cloak currently unavailable)
rCorr    .         Rampage  .   (gloves currently unavailable)
MR       .....                  (boots unavailable)
Stlth    ++........             (no amulet)
HPRegen  0.14/turn              (no ring)
MPRegen  0.13/turn              (no ring)

@: spider-form, flying quickly and evasively, slowed, very slow
A: tiny, able to fly
a: Stop Flying, End Transformation


You were on level 4 of the Dungeon.
You were a venomous arachnid creature.
You visited 1 branch of the dungeon, and saw 5 of its levels.

You collected 205 gold pieces.

Inventory:

Armour
 a - a +1 robe (melded)
Scrolls
 c - a scroll of remove curse
 f - 2 scrolls of teleportation
 h - a scroll of random uselessness
 j - a scroll of magic mapping
 k - a scroll of fog
 l - a scroll of fear {unknown}
Potions
 b - a potion of haste
 d - a potion of cancellation {unknown}
 e - a potion of brilliance
 g - a potion of heal wounds {unknown}
 i - a potion of flight {unknown}


   Skills:
 - Level 1.0 Fighting
 - Level 2.1 Dodging
 + Level 6.5 Unarmed Combat
 - Level 3.0 Spellcasting
 * Level 6.1 Transmutations
 - Level 3.0 Poison Magic


You had 9 spell levels left.
You knew the following spells:

 Your Spells              Type           Power        Failure   Level
a - Beastly Appendage     Tmut           ###...       7%          1
b - Spider Form           Tmut/Pois      ##........   24%         3

Your spell library contained the following spells:

 Spells                   Type           Power        Failure   Level
 Wereblood                Tmut           ###.....     10%         2
 Blade Hands              Tmut           ###.......   65%         5
 Ice Form                 Ice/Tmut       ##......     73%         4


Dungeon Overview and Level Annotations

Branches:
Dungeon (5/15)
 Temple: D:4-7

Altars:
Gozag
Yredelemnul

Annotations:
D:3 1 runed translucent door


Innate Abilities, Weirdness & Mutations

((You have a beak for a mouth.))
((You have claws for feet.))
You can fly continuously.


Message History

Your +1 robe melds into your body.
The orc wizard casts a spell at you. The puff of flame hits you.
The orc wizard completely misses you.
You barely miss the orc wizard.
The orc wizard casts a spell.
The orc wizard flickers and vanishes!
Deactivating autopickup; reactivate with Ctrl-A.
You hit something. Something barely misses you.
You hear some strange, mumbled words.
A magic dart appears from out of thin air!
The magic dart hits you!
* * * LOW HITPOINT WARNING * * *
You hit something but do no damage.
You hear some strange, mumbled words.
A puff of flame appears from out of thin air!
The puff of flame misses you.
You barely miss something.
You are engulfed in a cloud of scalding steam.
You die...

.###....##.##.#......o)..#
.# #...###.#.##.##...))..#
## #..###....#...##......#
####...###...#...#.......#
.#.##..##..###...###.....#
..........##.......##...##
##)......##.....)O..##.##
#........#....≈≈≈{...###
....###.##...≈≈≈s≈...##
....# ###...≈≈..)≈≈...#
....# ###...≈≈.>.≈≈...#
....###.#...≈§...≈≈...#
........##...≈≈≈≈≈...##
.........#....≈≈≈....#
.........##.........##
.)........##.......##
...........###...###


You could see an ogre.

Vanquished Creatures
  Grinder (D:3)
  4 ogres (D:3)
  A bullfrog (D:4)
  A scorpion (D:4)
  3 orc priests
  4 orc wizards
  A centaur skeleton (D:4)
  Natasha (thrice) (D:3)
  2 worker ants
  Robin (D:3)
  3 gnolls (D:4)
  5 adders
  2 oozes
  A worm (D:4)
  A dart slug (D:1)
  4 leopard geckos
  10 orcs
  2 giant cockroaches
  13 goblins
  9 hobgoblins
  4 jackals
  3 quokkas
  2 ball pythons
  5 bats
  4 frilled lizards
  A goblin zombie (D:3)
  12 kobolds
  A quokka zombie (D:2)
  5 rats
108 creatures vanquished.

Notes
Turn   | Place    | Note
-------+----------+-------------------------------------------
     0 | D:1      | kae the Tengu Transmuter began the quest for the Orb.
     0 | D:1      | Reached XP level 1. HP: 12/12 MP: 4/4
   265 | D:1      | Reached XP level 2. HP: 8/16 MP: 4/6
  1023 | D:1      | Reached XP level 3. HP: 10/20 MP: 7/7
  2030 | D:2      | Reached XP level 4. HP: 11/25 MP: 6/8
  2047 | D:2      | Learned a level 3 spell: Spider Form
  3480 | D:3      | Found a runed translucent door.
  3480 | D:3      | Noticed a human
  3920 | D:3      | Noticed Natasha
  3939 | D:3      | Noticed Grinder
  4091 | D:3      | Killed Natasha
  4091 | D:3      | Reached skill level 1 in Poison Magic
  4091 | D:3      | Gained mutation: You can fly continuously. [Tengu growth]
  4091 | D:3      | Reached XP level 5. HP: 22/29 MP: 2/9
  4187 | D:3      | Paralysed by Grinder for 5 turns
  4473 | D:3      | Found a basalt altar of Yredelemnul.
  4568 | D:3      | Noticed Natasha
  4576 | D:3      | Killed Natasha
  4956 | D:3      | You are sucked into a shaft and drop 2 floors!
  4956 | D:5      | Entered Level 5 of the Dungeon
  4956 | D:5      | Noticed an ogre
  4986 | D:4      | Reached XP level 6. HP: 34/34 MP: 8/11
  5268 | D:3      | Noticed Robin
  5281 | D:3      | Killed Robin
  5336 | D:3      | Noticed Natasha
  5345 | D:3      | Killed Natasha
  5426 | D:3      | Found an opulent altar of Gozag.
  5509 | D:3      | Killed Grinder
  5509 | D:3      | Reached skill level 5 in Unarmed Combat
  5509 | D:3      | Reached XP level 7. HP: 24/38 MP: 9/12
  6809 | D:3      | Reached skill level 5 in Transmutations
  7220 | D:3      | Reached XP level 8. HP: 43/43 MP: 9/13
  7660 | D:4      | Engulfed by an orc wizard's steam

Illustrated notes

Levels and vault maps discovered:
D:1:      elethiomel_arrival_quiet, layout_basic, minmay_pentomino_p4
D:2:      layout_basic
D:3:      layout_loops_ring, lemuel_coloured_pillars_altar,
          hangedman_decor_clover_reticule, dk_yredelemnul_ordeal, uniq_grinder,
          uniq_natasha, uniq_robin
D:4:      layout_cave_pools, tgw_sif
D:5:      layout_basic, serial_shops, nicolae_shop_stone, uniq_pikel

Skill      XL: |  1  2  3  4  5  6  7  8 |
---------------+-------------------------+-----
Transmutations | 2 3 4 5 6 |  6.1
Unarmed Combat | 4 5 6 |  6.5
Poison Magic   | 1 3 |  3.0
Spellcasting   | 3 |  3.0
Fighting       | |  1.0
Dodging        | |  2.1

Action                   |  1- 3 |  4- 6 |  7- 9 || total
-------------------------+-------+-------+-------++-------
Melee: Unarmed           |    83 |   132 |    74 ||   289
       Kick              |    15 |    18 |       ||    33
       Headbutt          |     8 |     6 |     1 ||    15
       Peck              |     7 |    11 |       ||    18
       Punch             |     2 |       |       ||     2
 Cast: Beastly Appendage |    24 |    24 |     1 ||    49
       Spider Form       |       |     9 |    14 ||    23
 Abil: Fly               |       |     1 |       ||     1
  Use: Scroll            |       |    11 |     1 ||    12
       Potion            |       |     2 |     1 ||     3
 Stab: Sleeping          |     1 |     1 |       ||     2
       Invisible         |       |     4 |       ||     4
Armor: Robe              |    10 |     8 |     1 ||    19
       Skin              |       |     1 |     2 ||     3
Dodge: Dodged            |    62 |   109 |    86 ||   257

Table legend: (Time is in decaauts)
 A = Elapsed time spent in this place.
 B = Non-inter-level travel time spent in this place.
 C = Inter-level travel time spent in this place.
 D = Time resting spent in this place.
 E = Time spent auto-exploring this place.
 F = Levels seen in this place.
 G = Mean time per level.
                   A        B        C        D        E       F      G
               +--------+--------+--------+--------+--------+-----+--------+
         Total |   7542 |   7201 |    341 |   1738 |   4447 |   5 | 1508.4 |
       Dungeon |   7542 |   7201 |    341 |   1738 |   4447 |   5 | 1508.4 |
               +--------+--------+--------+--------+--------+-----+--------+

Top non-repeatable levels by time:
     D:3: 2887 daAuts
     D:2: 2460 daAuts
     D:1: 1808 daAuts
     D:4: 369 daAuts
     D:5: 16 daAuts
